 Dungeon Crawl Stone Soup version 0.23-a0-143-g1adec7b (webtiles) character file.

59 Amnesiac the Chiller (level 3, -1/24 HPs)
             Began as a Mummy Ice Elementalist on Sept 4, 2018.
             Killed from afar by an orc wizard (8 damage)
             ... with a magic dart
             ... on level 4 of the Dungeon.
             The game lasted 00:01:27 (888 turns).

Amnesiac the Chiller (Mummy Ice Elementalist)        Turns: 888, Time: 00:01:28

Health: -1/24      AC:  2    Str: 11    XL:     3   Next: 78%
Magic:  2/8        EV: 12    Int: 15    God:
Gold:   70         SH:  6    Dex: 12    Spells: 5/9 levels left

rFire    x . .     SeeInvis .   d - +0 short sword
rCold    + . .     Gourm    .   (no shield)
rNeg     + + +     Faith    .   a - +0 robe
rPois    ∞         Spirit   .   (no helmet)
rElec    .         Reflect  +   (no cloak)
rCorr    .         Harm     .   (no gloves)
MR       .....                  (no boots)
Stlth    ++........             b - +6 amulet of reflection
HPRegen  0.08/turn              (no ring)
MPRegen  0.11/turn              (no ring)

@: no status effects
A: no food or potions, fire vulnerability, cold resistance 1, negative energy
resistance 3, torment resistance, unbreathing
a: no special abilities


You were on level 4 of the Dungeon.
You were not hungry.

You visited 1 branch of the dungeon, and saw 4 of its levels.

You collected 70 gold pieces.

Inventory:

Hand Weapons
 d - a +0 short sword (weapon)
Armour
 a - a +0 robe (worn)
Jewellery
 b - a +6 amulet of reflection (around neck)
Scrolls
 c - a scroll of identify {!r, unknown}


   Skills:
 - Level 1.5 Dodging
 - Level 1.5 Stealth
 + Level 3.5 Spellcasting
   Level 0.7 Conjurations
 * Level 3.6 Ice Magic


You had 5 spell levels left.
You knew the following spells:

 Your Spells              Type           Power        Failure   Level  Hunger
a - Freeze                Ice            ##..         4%          1    N/A
z - Ozocubu's Armour      Chrm/Ice       #.......     26%         3    N/A

Your spell library contained the following spells:

 Spells                   Type           Power        Failure   Level  Hunger
 Throw Frost              Conj/Ice       #.....       12%         2    N/A
 Throw Icicle             Conj/Ice       #.......     61%         4    N/A
 Summon Ice Beast         Ice/Summ       #.......     65%         4    N/A

Dungeon Overview and Level Annotations

Branches:
Dungeon (4/15)
 Temple: D:4-7

Altars:
Vehumet
Yredelemnul


Innate Abilities, Weirdness & Mutations

You do not eat or drink.
Your flesh is vulnerable to fire.
You are immune to poison.
Your flesh is cold resistant. (rC+)
You are immune to negative energy. (rN+++)
You are immune to unholy pain and torment.
You can survive without breathing.


Message History

An orc wizard comes into view. It is wielding a dagger.
An orc wizard is nearby!
The orc wizard points at you and mumbles some strange words.
The magic dart hits you!
There is a stone staircase leading up here.
You climb upwards.
There is a stone staircase leading down here.
You start resting.
HP restored.
You start resting.
HP restored.
You climb downwards.
There is a stone staircase leading up here.
An orc wizard comes into view. It is wielding a dagger.
The orc wizard gestures wildly while chanting.
The orc wizard blinks!
The orc wizard moves out of view.
Casting: Freeze (safe; 4% risk of failure)
Confirm with . or Enter, or press ? or * to list all spells.
Aiming: Freeze (safe; 4% risk of failure)
Press: ? - help, Shift-Dir - straight line, f - orc wizard
Aim: an orc wizard, wielding a dagger and wearing a robe You freeze the orc wizard.
The orc wizard is lightly wounded.
You block the orc wizard's attack.
Casting: Freeze (safe; 4% risk of failure)
Confirm with . or Enter, or press ? or * to list all spells.
Aiming: Freeze (safe; 4% risk of failure)
Press: ? - help, Shift-Dir - straight line, f/p - orc wizard
Aim: an orc wizard, wielding a dagger and wearing a robe (lightly wounded)
You freeze the orc wizard.
The orc wizard is lightly wounded.
The orc wizard hits you with a dagger.
Casting: Freeze (safe; 4% risk of failure)
Confirm with . or Enter, or press ? or * to list all spells.
Aiming: Freeze (safe; 4% risk of failure)
Press: ? - help, Shift-Dir - straight line, f/p - orc wizard
Aim: an orc wizard, wielding a dagger and wearing a robe (lightly wounded)
You freeze the orc wizard.
The orc wizard is moderately wounded.
The orc wizard hits you but does no damage.
Casting: Freeze (safe; 4% risk of failure)
Confirm with . or Enter, or press ? or * to list all spells.
Aiming: Freeze (safe; 4% risk of failure)
Press: ? - help, Shift-Dir - straight line, f/p - orc wizard
Aim: an orc wizard, wielding a dagger and wearing a robe (moderately wounded)
You freeze the orc wizard.
The orc wizard is almost dead.
The orc wizard hits you but does no damage.
The orc wizard points at you and mumbles some strange words.
The magic dart hits you!
Casting: Freeze (safe; 4% risk of failure)
Confirm with . or Enter, or press ? or * to list all spells.
Aiming: Freeze (safe; 4% risk of failure)
Press: ? - help, Shift-Dir - straight line, f/p - orc wizard
Aim: an orc wizard, wielding a dagger and wearing a robe (almost dead)
You freeze the orc wizard.
You kill the orc wizard!
The orc wizard gestures at you while chanting.
The magic dart hits you!
* * * LOW HITPOINT WARNING * * *
There is a stone staircase leading up here.
The orc wizard casts a spell at you. The magic dart hits you!
You die...

# #########.##
##.....#.....
##............
#.@..)........
#.............
#.............
#........o....
#.............
##............
##.....#.....
##########.#
.#


You could see an orc wizard.

Vanquished Creatures
  An orc wizard (D:4)
  2 adders (D:3)
  2 bats
  A giant cockroach (D:3)
  7 hobgoblins
  A frilled lizard (D:2)
  2 rats
16 creatures vanquished.

Notes
Turn   | Place    | Note
-------+----------+-------------------------------------------
     0 | D:1      | Amnesiac the Mummy Ice Elementalist began the quest for the
                  | Orb.
     0 | D:1      | Reached XP level 1. HP: 13/13 MP: 4/4
   250 | D:1      | Reached XP level 2. HP: 19/19 MP: 0/5
   601 | D:3      | Found a basalt altar of Yredelemnul.
   603 | D:3      | Found a radiant altar of Vehumet.
   680 | D:3      | Reached XP level 3. HP: 24/24 MP: 0/7
   685 | D:3      | Learned a level 3 spell: Ozocubu's Armour
   888 | D:4      | Killed from afar by an orc wizard

Vault maps used:
D:1:      dpeg_arrival_connections, serial_forest, infiniplex_forest_end_double,
          infiniplex_forest_clump_long, infiniplex_forest_lined_room_,
          infiniplex_forest_lined_1, infiniplex_forest_straight_2,
          infiniplex_forest_end_1, infiniplex_forest_straight_1
D:2:      uniq_jessica
D:3:      okawaru_metal_pillars_1_2, nicolae_overflow_hidden_temple
D:4:      first_ration, grunt_ministairs_1, kennysheep_cluttered_room,
          uniq_robin

Skill      XL: |  1  2 |
---------------+-------+-----
Ice Magic      | 3 |  3.6
Spellcasting   | 3 |  3.5
Dodging        | |  1.5
Stealth        | |  1.5
Conjurations   | |  0.7

Action                   || total
-------------------------++-------
Melee: Unarmed           ||     8
       Short sword       ||     2
 Cast: Freeze            ||    33
Armor: Robe              ||     2
Dodge: Dodged            ||    17
Block: Other             ||    11

Table legend:
 A = Non-vault XP
 B = Vault XP
 C = Vault XP percentage of total XP
 D = Non-vault monster count
 E = Vault monster count
 F = Vault count percentage of total count
                 A         B        C        D         E       F
            +---------+---------+-------+---------+---------+-------
      Total |      85 |       0 |   0.0 |      16 |       0 |   0.0
            +---------+---------+-------+---------+---------+-------
        D:1 |      15 |       0 |   0.0 |       8 |       0 |   0.0
        D:2 |       4 |       0 |   0.0 |       3 |       0 |   0.0
        D:3 |      30 |       0 |   0.0 |       4 |       0 |   0.0
        D:4 |      36 |       0 |   0.0 |       1 |       0 |   0.0
            +---------+---------+-------+---------+---------+-------
